 Dungeon Crawl Stone Soup version 0.17.1-1-g73c8601 (console) character file.

273 Kloppie the Chopper (level 6, -3/57 HPs)
             Began as a Hill Orc Fighter on Dec 14, 2015.
             Was a Follower of Elyvilon.
             Killed from afar by an orc wizard (8 damage)
             ... with a magic dart
             ... on level 5 of the Dungeon.
             The game lasted 00:04:58 (3672 turns).

Kloppie the Chopper (Hill Orc Fighter)              Turns: 3672, Time: 00:04:58

Health: -3/57      AC:  8    Str: 21    XL:     6   Next: 23%
Magic:  6/6        EV: 12    Int:  8    God:    Elyvilon [*.....]
Gold:   155        SH:  9    Dex: 10    Spells: 0 memorised, 5 levels left

rFire  . . .     SeeInvis +     a - +0 war axe
rCold  . . .     Clarity  .     b - +0 scale mail
rNeg   . . .     SustAt   .     c - +0 shield
rPois  .         Gourm    .     D - +0 helmet
rElec  .         Spirit   .     (no cloak)
rCorr  .         Warding  .     (no gloves)
rMut   .         Stasis   .     (no boots)
MR     .....                    k - amulet of regeneration
Stlth  ..........               q - +5 ring of evasion
                                g - ring of see invisible

@: slowed, very slow, not resistant to hostile enchantments, extremely
unstealthy
A: no striking features
a: Lesser Healing, Divine Protection, Renounce Religion


You were on level 5 of the Dungeon.
You worshipped Elyvilon.
Elyvilon was aware of your devotion.
You were not hungry.

You visited 1 branch of the dungeon, and saw 5 of its levels.

You collected 155 gold pieces.

Inventory:

Hand Weapons
 a - a +0 war axe (weapon)
Armour
 b - a +0 scale mail (worn)
 c - a +0 shield (worn)
 D - a +0 helmet (worn)
Jewellery
 g - a ring of see invisible (left hand)
 i - an uncursed ring of stealth
 k - an amulet of regeneration (around neck)
 q - a +5 ring of evasion (right hand)
 E - an uncursed amulet of stasis
 F - an uncursed ring of fire
Scrolls
 f - 3 scrolls of random uselessness {unknown}
 l - 4 scrolls of identify {unknown}
 m - a scroll of noise {unknown}
 s - 4 scrolls of remove curse {unknown}
 u - a scroll of teleportation {unknown}
 y - 3 scrolls of magic mapping {unknown}
 z - 2 scrolls of fog {unknown}
 A - a scroll of blinking {unknown}
 C - a scroll of fear {unknown}
 G - 2 scrolls of amnesia {unknown}
 H - a scroll of recharging {unknown}
Potions
 d - a potion of might
 h - 3 potions of invisibility {unknown}
 j - a potion of lignification {unknown}
 n - 2 potions of agility {unknown}
 o - 4 potions of curing {unknown}
 t - 2 potions of heal wounds {unknown}
 v - a potion of beneficial mutation {unknown}
 x - a potion of magic {unknown}
Comestibles
 e - 4 bread rations
 p - 5 meat rations
 r - 7 fruits
 w - a slice of pizza
 B - a beef jerky


   Skills:
 + Level 6.1 Fighting
 + Level 6.4 Axes
 - Level 3.2 Armour
 - Level 3.2 Shields


You had 5 spell levels left.
You didn't know any spells.

Dungeon Overview and Level Annotations

Branches:
Dungeon (5/15)
 Temple: D:4-7

Altars:
Elyvilon
The Shining One


Message History

The orc priest invokes the aid of Beogh against you.
Something smites you!
* * * LOW HITPOINT WARNING * * *
You are too injured to fight recklessly!
You are too injured to fight recklessly!
The orc priest miscasts a cantrip.
The orc priest calls down the wrath of Beogh upon you.
Something smites you!
* * * LOW HITPOINT WARNING * * *
The orc wizard hits you with a dagger.
* * * LOW HITPOINT WARNING * * *
The orc wizard gestures at you while chanting.
The magic dart hits you!
* * * LOW HITPOINT WARNING * * *
The orc wizard casts a spell at you.
You feel yourself slow down.
The orc wizard hits you but does no damage.
The orc wizard gestures at you while chanting.
The magic dart hits you!
You die...

########.#
#.@.<..^.#
#.##.....#
#o##.....#
#o##.....#
#.##.....# #
#.##.....#
#.#o##.....#
#...o).....#
#...##o....#


You could see an orc wizard and 2 orcs.

Vanquished Creatures
  A scorpion (D:3)
  An orc wizard (D:3)
  2 worker ants (D:4)
  A worker ant zombie (D:5)
  4 adders
  2 oozes
  An adder skeleton (D:4)
  A worm (D:3)
  4 giant geckos
  7 orcs
  2 ball pythons
  7 bats
  6 giant cockroaches
  5 hobgoblins
  6 jackals
  5 kobolds
  A giant newt (D:2)
  13 goblins
  A jackal skeleton (D:4)
  3 rats
73 creatures vanquished.

Notes
Turn   | Place    | Note
--------------------------------------------------------------
     0 | D:1      | Kloppie the Hill Orc Fighter began the quest for the Orb.
     0 | D:1      | Reached XP level 1. HP: 19/19 MP: 1/1
    16 | D:1      | Reached XP level 2. HP: 17/27 MP: 2/2
   244 | D:1      | Reached skill level 4 in Fighting
   654 | D:1      | Reached XP level 3. HP: 31/33 MP: 3/3
  1453 | D:3      | Reached XP level 4. HP: 41/41 MP: 4/4
  1762 | D:3      | Reached skill level 5 in Fighting
  1762 | D:3      | Reached skill level 5 in Axes
  1774 | D:3      | Noticed a scorpion
  1784 | D:3      | Killed a scorpion
  1784 | D:3      | Reached XP level 5. HP: 17/48 MP: 5/5
  2241 | D:3      | Found a white marble altar of Elyvilon.
  2260 | D:3      | Became a worshipper of Elyvilon the Healer
  2759 | D:4      | Reached skill level 6 in Axes
  2759 | D:4      | Reached XP level 6. HP: 47/57 MP: 6/6
  3169 | D:4      | Reached * piety under Elyvilon
  3247 | D:4      | Found a glowing golden altar of the Shining One.
  3630 | D:5      | Entered Level 5 of the Dungeon
  3668 | D:5      | HP: 2/57 [orc wizard/magic dart (4)]
  3672 | D:5      | Killed from afar by an orc wizard

Action                   |  1- 3 |  4- 6 || total
-------------------------+-------+-------++-------
Melee: War axe           |   104 |   160 ||   264
  Eat: Chunk             |     2 |     7 ||     9
